AoeStats
← QHSZ

Lombardia

508174011Analyzed
4v4 RM · 12d ago on Sep 21, 2026· 22m 42s· 8 players
Game mode
Random Map
Map size
Large (8 player)
Population
200
Speed
Normal
Resources
Standard
Victory
Conquest
Starting age
Dark Age
Ending age
Imperial Age
RankedLock teamsTeams togetherTeam positionsShared explorationLock speedFull tech treeHidden civsTurbo modeCheats
Victory
Defeat
🇨🇳 Spanish · China
1389
+14
🇻🇳 Franks · Vietnam
1374
+15
🇮🇳 Magyars · India
1263
+19
🇦🇷 Franks · Argentina
1210
+22
🇹🇼 Spanish · Taiwan
1374
-19
🇵🇾 Mongols · Paraguay
1363
-18
🇭🇰 Hindustanis · Hong Kong SAR China
1338
-17
🇨🇦 Magyars · Canada
1299
-16
SometimesUnlucky
12:00 Feudal Age
13:10 Double-Bit Axe
15:35 Castle Age
13:37 Double-Bit Axe
14:16 Horse Collar
17:19 Bow Saw
17:26 Heavy Plow
19:49 Loom
21:15 Scale Barding Armor
动车的车头
9:31 Feudal Age
7:50 Loom
9:42 Feudal Age
14:38 Castle Age
12:50 Double-Bit Axe
13:19 Horse Collar
20:11 Bow Saw
20:58 Heavy Plow
23:00 Wheelbarrow
Safi
11:19 Feudal Age
13:13 Loom
16:23 Castle Age
TW_Picar
9:14 Feudal Age
9:39 Loom
11:44 Double-Bit Axe
12:19 Scale Barding Armor
14:26 Bloodlines
17:24 Wheelbarrow
19:46 Castle Age
18:14 Horse Collar
21:17 Bow Saw
21:08 Heavy Plow
22:40 Gold Mining
22:43 Stone Mining
moneyfusion06
7:06 Loom
9:46 Feudal Age
10:43 Double-Bit Axe
12:05 Horse Collar
19:41 Castle Age
19:35 Gold Mining
21:14 Fletching
22:14 Bloodlines
22:05 Husbandry
QHSZ
9:12 Loom
12:27 Feudal Age
14:19 Double-Bit Axe
16:44 Castle Age
14:43 Gold Mining
17:51 Scale Barding Armor
18:41 Bow Saw
21:42 Husbandry
Element-Dy
8:26 Loom
10:21 Feudal Age
15:26 Castle Age
13:56 Double-Bit Axe
13:57 Horse Collar
16:51 Wheelbarrow
17:25 Bow Saw
17:48 Padded Archer Armor
VN_BILL
6:21 Loom
9:06 Feudal Age
10:03 Double-Bit Axe
13:35 Forging
14:27 Scale Barding Armor
21:29 Castle Age
22:33 Chain Barding Armor
22:24 Bow Saw
22:16 Husbandry
22:53 Iron Casting
Connection lost

Rejoining the realm…

Still unreachable

The connection could not be restored.

Session expired

The server has moved on; the page needs a fresh start.